 Dungeon Crawl Stone Soup version 0.20.1-1-g8b1a95d (webtiles) character file.

156 mike2R the Poker (level 5, 47/47 HPs)
             Began as a Hill Orc Abyssal Knight on July 14, 2017.
             Was a Believer of Lugonu.
             Quit the game on level 3 of the Dungeon on July 15, 2017.
             The game lasted 00:22:54 (2291 turns).

mike2R the Poker (Hill Orc Abyssal Knight)          Turns: 2291, Time: 00:22:55

Health: 47/47      AC:  3    Str: 15    XL:     5   Next: 37%
Magic:  6/6        EV: 11    Int: 12    God:    Lugonu [**....]
Gold:   128        SH:  0    Dex: 11    Spells: 4/4 levels left

rFire    . . .     SeeInvis .   a - +1 spear
rCold    . . .     Gourm    .   (no shield)
rNeg     . . .     Faith    .   b - +0 leather armour
rPois    .         Spirit   .   (no helmet)
rElec    .         Reflect  .   (no cloak)
rCorr    .         Harm     .   (no gloves)
MR       .....                  (no boots)
Stlth    +.........             (no amulet)
Regen    0.2/turn               (no ring)
MPRegen  0.1/turn               (no ring)

@: no status effects
A: no striking features
a: Depart the Abyss, Bend Space, Renounce Religion


You were on level 3 of the Dungeon.
You worshipped Lugonu.
Lugonu was pleased with you.
You were hungry.

You visited 1 branch of the dungeon, and saw 3 of its levels.
You visited the Abyss 1 time.

You collected 128 gold pieces.

Inventory:

Hand Weapons
 a - a +1 spear (weapon)
 f - a +0 trident
 q - a cursed -1 mace
 r - a +0 hunting sling
Missiles
 e - 45 stones
 g - 5 steel javelins (quivered)
 h - 34 poisoned needles
 s - 17 arrows
 u - 14 sling bullets
 x - 6 javelins
Armour
 b - a +0 leather armour (worn)
 i - a +0 chain mail
 o - a +0 ring mail
 t - a cursed -2 ring mail
 w - a +4 scale mail
Scrolls
 d - 2 scrolls of identify {unknown}
 m - 2 scrolls of amnesia {unknown}
 n - a scroll of magic mapping {unknown}
 p - 4 scrolls of teleportation
Potions
 j - a potion of haste {unknown}
 l - a potion of heal wounds
 v - a potion of curing {unknown}
Comestibles
 c - 2 bread rations
 k - a meat ration
 z - a chunk of flesh


   Skills:
 + Level 4.8 Fighting
 - Level 5.0 Polearms
 - Level 2.4 Armour
 - Level 0.7 Dodging
 - Level 2.5 Invocations


You had 4 spell levels left.
You didn't know any spells.

Dungeon Overview and Level Annotations

Branches:
Dungeon (3/15)

Altars:
The Shining One


Message History

The kobold is severely wounded.
You hit the kobold.
You kill the kobold!
Lugonu accepts your kill.
You are feeling hungry.
e - 44 stones (gained 1)
There is a stone staircase leading up here.
Things that are here:
a whip; a kobold corpse
g - 3 steel javelins (gained 1)
g - 4 steel javelins (gained 1);
e - 45 stones (gained 1)
Found 2 dark potions, 18 gold pieces and 23 sling bullets.
g - 5 steel javelins (gained 1)
There is a stone staircase leading up here.
Things that are here:
a whip; a kobold corpse Welcome back, mike2R the Hill Orc Abyssal Knight.
Lugonu says: Spread carnage and corruption!
Press ? for a list of commands and other information.
Are you sure you want to abandon this character and quit the game? (Confirm with "yes".)

#.............<#
#..............#
#..............#
#..............#
#..............#
##............##
##..........##
####..##.#####
......##@#
......##.#
......##.#
.........#
#.........#
.............
!..............
..(............
#..............


There were no monsters in sight!

Vanquished Creatures
  Jessica (D:2)
  Natasha (D:2)
  4 adders
  An ooze (D:2)
  4 worms
  2 dart slugs
  A leopard gecko (D:2)
  A ball python (D:1)
  A giant cockroach (D:1)
  7 hobgoblins
  A quokka (D:2)
  10 bats
  5 frilled lizards
  5 goblins
  5 kobolds
  8 rats
57 creatures vanquished.

Notes
Turn   | Place    | Note
-------+----------+-------------------------------------------
     0 | Abyss:1  | mike2R the Hill Orc Abyssal Knight began the quest for the Orb.
     0 | Abyss:1  | Reached XP level 1. HP: 19/19 MP: 2/2
    55 | Abyss:1  | Found a viscous altar of Jiyva.
    72 | Abyss:1  | Found a viscous altar of Jiyva.
    82 | Abyss:1  | Noticed a large abomination
   105 | Abyss:1  | Noticed a spatial vortex
   115 | Abyss:1  | Noticed a spatial vortex
   164 | D:1      | Escaped the Abyss
   260 | D:1      | Reached XP level 2. HP: 22/27 MP: 3/3
   342 | D:1      | Reached * piety under Lugonu
   737 | D:1      | Reached skill level 3 in Polearms
  1057 | D:2      | Reached XP level 3. HP: 33/33 MP: 4/4
  1233 | D:2      | Reached skill level 4 in Polearms
  1236 | D:2      | Noticed Natasha
  1249 | D:2      | Killed Natasha
  1249 | D:2      | Reached XP level 4. HP: 22/40 MP: 5/5
  1614 | D:2      | Reached ** piety under Lugonu
  1675 | D:2      | Reached skill level 5 in Polearms
  1854 | D:2      | Noticed Jessica
  1864 | D:2      | Killed Jessica
  1864 | D:2      | Reached XP level 5. HP: 47/47 MP: 6/6
  1898 | D:2      | Found a glowing golden altar of the Shining One.
  2291 | D:3      | Quit the game

Skill      XL: |  1  2  3  4 |
---------------+-------------+-----
Polearms       | 3 4 5 |  5.0
Fighting       | 4 |  4.8
Armour         | |  2.4
Dodging        | |  0.7
Invocations    | |  2.5

Action                   |  1- 3 |  4- 6 || total
-------------------------+-------+-------++-------
Melee: Spear             |    85 |    70 ||   155
Throw: Javelin           |    42 |    29 ||    71
       Stone             |     4 |     3 ||     7
Invok: Depart the Abyss  |     1 |       ||     1
       Bend Space        |       |     1 ||     1
  Use: Scroll            |       |     1 ||     1
  Eat: Chunk             |     1 |     3 ||     4
Armor: Leather armour    |    15 |    14 ||    29
Dodge: Dodged            |    25 |    23 ||    48
